 Dungeon Crawl Stone Soup version 0.26-a0-1058-g8dc6ce00ff (webtiles) character file.

Game seed: 16280850810250583726

254 KristoblXynda the Ducker (level 5, 0/45 HPs)
             Began as a Troll Hedge Wizard on Dec 13, 2020.
             Killed from afar by an orc wizard (8 damage)
             ... with a puff of flame
             ... on level 4 of the Dungeon.
             The game lasted 00:03:30 (2214 turns).

KristoblXynda the Ducker (Troll Hedge Wizard)       Turns: 2214, Time: 00:03:31

Health: 0/45       AC:  6    Str: 18    XL:     5   Next: 91%
Magic:  7/7        EV: 14    Int: 10    God:
Gold:   197        SH:  0    Dex: 10    Spells: 7/8 levels left

rFire    . . .     SeeInvis .     - Unarmed
rCold    . . .     Faith    .   (no shield)
rNeg     . . .     Spirit   .   b - +0 robe
rPois    .         Reflect  .   c - +0 hat
rElec    .         Harm     .   (no cloak)
rCorr    .         Rampage  .   (gloves unavailable)
Will     +....                  (boots unavailable)
Stlth    +.........             (no amulet)
HPRegen  0.55/turn              g - +4 ring of evasion
MPRegen  0.10/turn              h - ring of flight

@: drained
A: large, unfitting armour, claws 3, strong-willed 1, regeneration 1, shaggy fur
1, tough skin 3, MP-powered wands
a: Evoke Flight


You were on level 4 of the Dungeon.
You visited 1 branch of the dungeon, and saw 4 of its levels.

You collected 197 gold pieces.

Inventory:

Armour
 b - a +0 robe (worn)
 c - a +0 hat (worn)
Jewellery
 g - a +4 ring of evasion (left claw)
 h - a ring of flight (right claw)
Wands
 o - a wand of paralysis (8)
Scrolls
 a - 3 scrolls of blinking {unknown}
 f - 5 scrolls of identify {unknown}
 i - a scroll of fear {unknown}
 j - 3 scrolls of random uselessness {unknown}
 l - a scroll of enchant weapon {unknown}
 n - a scroll of immolation {unknown}
 p - 2 scrolls of magic mapping {unknown}
 q - a scroll of teleportation {unknown}
 r - 2 scrolls of fog {unknown}
 s - a scroll of amnesia {unknown}
Potions
 e - 2 potions of mutation
 k - a potion of invisibility {unknown}
 m - 7 potions of heal wounds {unknown}


   Skills:
 + Level 3.2(2.6) Dodging
 - Level 1.0(0.5) Stealth
 + Level 3.1(2.6) Unarmed Combat
 - Level 2.0(1.4) Spellcasting
 + Level 2.5(1.9) Conjurations
 - Level 0.6(0.0) Summonings
 - Level 0.6(0.0) Translocations


You had 7 spell levels left.
You knew the following spells:

 Your Spells              Type           Power        Failure   Level
a - Magic Dart            Conj           #...         16%         1

Your spell library contained the following spells:

 Spells                   Type           Power        Failure   Level
 Blink                    Tloc           N/A          43%         2
 Call Imp                 Summ           #.......     43%         2
 Slow                     Hex            #.......     45%         2
 Conjure Flame            Conj/Fire      #.......     54%         3
 Mephitic Cloud           Conj/Pois/Air  #.......     58%         3


Dungeon Overview and Level Annotations

Branches:
Dungeon (4/15)
 Temple: D:4-7

Altars:
Fedhas
Okawaru
Zin


Innate Abilities, Weirdness & Mutations

You are too large for most types of armour.
You have claws for hands.
Your natural rate of healing is unusually fast.
You are covered in fur. (AC +1)
You have extremely tough skin. (AC +3)
You are strong-willed. (Will+)
You expend magic power (3 MP) to strengthen your wands.


Message History

You scratch the orc wizard.
The orc wizard is heavily wounded.
The orc wizard casts a spell at you. The magic dart hits you.
* * * LOW HITPOINT WARNING * * *
You closely miss the orc wizard.
The orc wizard is heavily wounded.
The orc wizard closely misses you.
The orc wizard hits you but does no damage.
You barely miss the orc wizard.
The orc wizard is heavily wounded.
The orc wizard closely misses you.
You completely miss the orc wizard.
The orc wizard is heavily wounded.
The orc wizard hits you but does no damage.
You closely miss the orc wizard.
The orc wizard is heavily wounded.
The orc wizard gestures at you while chanting.
The puff of flame hits you!
You die...

## .#### ### ...<# #.###
.########################...#####
.o.o........oooo@..............>#
.###################....#.####..#
.# #....#.....<.# .#
####.#####.#.# ## #.......#.# #
#.......#.# # #.......#.. #
#.......### # #........#


You could see an orc wizard (fast) and 3 orcs.

Vanquished Creatures
  A hound (D:4)
  An orc wizard (D:4)
  A worker ant (D:4)
  5 adders
  5 oozes
  8 worms
  2 dart slugs
  A leopard gecko (D:1)
  5 orcs (D:3)
  A ball python (D:3)
  4 giant cockroaches
  10 goblins
  6 hobgoblins
  3 jackals (D:4)
  10 kobolds
  3 quokkas (D:2)
  3 bats
  3 frilled lizards
  9 rats
81 creatures vanquished.

Notes
Turn   | Place    | Note
-------+----------+-------------------------------------------
     0 | D:1      | KristoblXynda the Troll Hedge Wizard began the quest for
                  | the Orb.
     0 | D:1      | Reached XP level 1. HP: 16/16 MP: 2/2
    62 | D:1      | Reached skill level 1 in Conjurations
    63 | D:1      | Reached XP level 2. HP: 20/24 MP: 4/4
    69 | D:1      | Reached skill level 1 in Unarmed Combat
   263 | D:1      | Reached XP level 3. HP: 31/31 MP: 5/5
   645 | D:2      | Found a glowing silver altar of Zin.
   827 | D:2      | Found a blossoming altar of Fedhas.
   929 | D:2      | Reached XP level 4. HP: 38/39 MP: 6/6
  1150 | D:2      | Found an iron altar of Okawaru.
  1815 | D:3      | Reached XP level 5. HP: 45/45 MP: 7/7
  2204 | D:4      | Gained mutation: You expend magic power (3 MP) to
                  | strengthen your wands. [potion of mutation]
  2204 | D:4      | Gained mutation: You are strong-willed. (Will+) [potion of
                  | mutation]
  2214 | D:4      | Killed from afar by an orc wizard

Illustrated notes

Levels and vault maps discovered:
D:1:      dpeg_arrival_rooms_b, layout_rooms, lemuel_old_faithful
D:2:      layout_loops_ring, fedhas_altar_1, lemuel_doored_altar,
          minmay_liquid_box, okawaru_gym_becter
D:3:      layout_basic, minmay_between
D:4:      layout_basic, general_overflow_altar, elyvilon_altar_1, uniq_robin

Skill      XL: |  1  2  3  4  5 |
---------------+----------------+-----
Conjurations   | 1 2 |  2.5
Unarmed Combat | 1 2 3 |  3.1
Dodging        | 2 3 |  3.2
Stealth        | |  1.0
Spellcasting   | |  2.0
Summonings     | |  0.6
Translocations | |  0.6

Action                   |  1- 3 |  4- 6 || total
-------------------------+-------+-------++-------
Melee: Unarmed           |   107 |   169 ||   276
       Punch             |       |     1 ||     1
  Use: Potion            |       |     3 ||     3
 Stab: Sleeping          |       |     1 ||     1
Armor: Robe              |    36 |    41 ||    77
Dodge: Dodged            |    73 |   118 ||   191

Table legend: (Time is in decaauts)
 A = Elapsed time spent in this place.
 B = Non-inter-level travel time spent in this place.
 C = Inter-level travel time spent in this place.
 D = Time resting spent in this place.
 E = Time spent auto-exploring this place.
 F = Levels seen in this place.
 G = Mean time per level.
                   A        B        C        D        E       F      G
               +--------+--------+--------+--------+--------+-----+--------+
         Total |   2205 |   2148 |     57 |    136 |   1342 |   4 |  551.2 |
       Dungeon |   2205 |   2148 |     57 |    136 |   1342 |   4 |  551.2 |
               +--------+--------+--------+--------+--------+-----+--------+

Top non-repeatable levels by time:
     D:2: 814 daAuts
     D:3: 686 daAuts
     D:1: 523 daAuts
     D:4: 181 daAuts
